 Dungeon Crawl Stone Soup version 0.25-a0-589-g1e14c549ee (webtiles) character file.

Game seed: 12621391791237262598, levelgen mode: deterministic

632 Kohma the Geomancer (level 7, -2/36 HPs)
             Began as a Gargoyle Earth Elementalist on Mar 12, 2020.
             Was a Follower of Ashenzari.
             Killed from afar by an orc wizard (9 damage)
             ... with a magic dart
             ... on level 5 of the Dungeon.
             The game lasted 00:13:27 (6017 turns).

Kohma the Geomancer (Gargoyle Earth Elementalist)   Turns: 6017, Time: 00:13:28

Health: -2/36      AC:  9    Str: 11    XL:     7   Next: 49%
Magic:  0/13       EV: 12    Int: 18    God:    Ashenzari [*.....]
Gold:   183        SH:  0    Dex: 10    Spells: 3/14 levels left

rFire    . . .     SeeInvis +   t - +1 dagger (speed)
rCold    . . .     Gourm    .   (no shield)
rNeg     + + .     Faith    .   c - +0 robe
rPois    ∞         Spirit   .   v - +1 hat
rElec    +         Reflect  .   (no cloak)
rCorr    .         Harm     .   C - +0 pair of gloves
MR       .....                  F - +0 pair of boots
Stlth    ++........             (no amulet)
HPRegen  0.12/turn              k - ring of positive energy
MPRegen  0.13/turn              m - ring of see invisible

@: no status effects
A: negative energy resistance 1, electricity resistance, unbreathing,
petrification resistance, rot immunity, AC +4
a: Curse Item, Scrying, Renounce Religion


You were on level 5 of the Dungeon.
You worshipped Ashenzari.
Ashenzari was aware of your devotion.
You were not hungry.

You visited 1 branch of the dungeon, and saw 5 of its levels.

You collected 183 gold pieces.

Inventory:

Hand Weapons
 h - a +0 dagger
 i - a +0 rapier
 p - a +2 falchion of protection
 t - a +1 dagger of speed (weapon)
 E - the +9 hand axe "Spiderbane" {holy, Int+4}
   (You found it on level 5 of the Dungeon)

   It has been blessed by the Shining One to cause great damage to the undead
   and demons.
   It affects your intelligence (+4).
Missiles
 b - 60 stones (quivered)
 q - 21 bolts
 A - 36 arrows
Armour
 c - a +0 robe (worn)
 v - a +1 hat (worn)
 C - a +0 pair of gloves (worn)
 F - a +0 pair of boots (worn)
Magical Staves
 u - an uncursed staff of poison
Jewellery
 k - a ring of positive energy (left hand)
 m - a ring of see invisible (right hand)
Wands
 x - a wand of random effects (24)
 y - a wand of flame (21)
 z - a wand of acid (5)
Scrolls
 l - 2 scrolls of remove curse
 n - a scroll of identify
 o - a scroll of teleportation
 r - a scroll of magic mapping
 B - a scroll of fear
 D - a scroll of enchant armour {unknown}
Potions
 a - a potion of curing {unknown}
 e - a potion of degeneration {unknown}
 f - a potion of haste {unknown}
 g - 2 potions of might
 j - a potion of stabbing {unknown}
 w - a potion of flight {unknown}
Miscellaneous
 s - a box of beasts
Comestibles
 d - 8 rations
 G - 9 chunks of flesh


   Skills:
 - Level 1.5 Dodging
 - Level 2.1 Stealth
 + Level 4.2 Spellcasting
 + Level 1.9 Conjurations
 + Level 1.7 Transmutations
 * Level 8.0 Earth Magic


You had 3 spell levels left.
You knew the following spells:

 Your Spells              Type           Power        Failure   Level  Hunger
a - Sandblast             Erth           ####..       1%          1    None
b - Passwall              Tmut/Erth      ###.....     3%          2    ##.....
c - Stone Arrow           Conj/Erth      ###...       5%          3    ###....
d - Lee's Rapid Deconstr  Erth           ####......   14%         5    ######.

Your spell library contained the following spells:

 Spells                   Type           Power        Failure   Level  Hunger
 Corona                   Hex            #......      14%         1    None
 Ensorcelled Hibernation  Hex/Ice        #.....       22%         2    ##.....
 Dazzling Flash           Conj/Hex       #.....       28%         3    ###....
 Spider Form              Tmut/Pois      #.........   30%         3    ###....
 Confusing Touch          Hex            #.......     41%         3    ###....
 Tukima's Dance           Hex            #.......     41%         3    ###....
 Petrify                  Tmut/Erth      ###.....     19%         4    ####...
 Irradiate                Conj/Tmut      ##........   88%         5    ######.


Dungeon Overview and Level Annotations

Branches:
Dungeon (5/15)
 Temple: D:4-7

Altars:
Ashenzari
Cheibriados
Fedhas
Makhleb
Uskayaw
Xom
Zin

Annotations:
D:4 4 runed translucent doors


Innate Abilities, Weirdness & Mutations

You are resistant to torment.
Your stone body is resilient. (AC +4)
You are immune to poison.
You resist negative energy. (rN+)
You are resistant to electric shocks. (rElec)
You can survive without breathing.
You are immune to petrification.
You are immune to rotting.


Message History

Aim: an orc priest, wearing a +4 ring mail (severely wounded)
The blast of sand hits the orc priest.
You kill the orc priest!
b - 60 stones
Casting: Sandblast (safe; 1% risk of failure)
Confirm with . or Enter, or press ? or * to list all spells.
You can't see any susceptible monsters within range! (Use Z to cast anyway.)
Casting: Sandblast (safe; 1% risk of failure)
Confirm with . or Enter, or press ? or * to list all spells.
Aiming: Stone Arrow (safe; 5% risk of failure)
Press: ? - help, Shift-Dir - straight line, f - orc wizard
Aim: an orc wizard, wielding a +0 dagger and wearing a +0 robe The stone arrow hits the orc wizard!
The orc wizard is severely wounded.
Casting: Stone Arrow (safe; 5% risk of failure)
Confirm with . or Enter, or press ? or * to list all spells.
You don't have enough magic to cast that spell.
The orc wizard casts a spell at you. The magic dart hits you!
You die...

# #...#.#
.##.###.#.#
..........######.#
.##...............
#....#.########..
##.#.#..........
#.#.#.......... #
#.#...########.#
#...(.o)[.@)...#
#####.##########
#.....o..o..
#.#..#..oo!o #
......(... #####
###.. .


You could see an orc wizard.

Vanquished Creatures
  2 centaurs
  A scorpion (D:4)
  A jelly (D:4)
  2 orc priests
  A hound (D:5)
  A bullfrog skeleton (D:4)
  An iguana (D:4)
  Ijyb (D:3)
  An orc wizard (D:4)
  A worker ant (D:4)
  5 adders
  An ooze (D:1)
  An adder skeleton (D:4)
  5 worms
  3 dart slugs
  4 leopard geckos
  11 orcs
  A ball python (D:1)
  A giant cockroach (D:2)
  6 goblins
  7 hobgoblins
  6 jackals
  7 kobolds
  4 quokkas
  7 bats
  6 frilled lizards
  A jackal skeleton (D:4)
  A quokka skeleton (D:3)
  10 rats
99 creatures vanquished.

Notes
Turn   | Place    | Note
-------+----------+-------------------------------------------
     0 | D:1      | Kohma the Gargoyle Earth Elementalist began the quest for
                  | the Orb.
     0 | D:1      | Reached XP level 1. HP: 10/10 MP: 3/3
   450 | D:1      | Reached skill level 4 in Earth Magic
   545 | D:1      | Reached XP level 2. HP: 12/15 MP: 5/5
   739 | D:1      | Learned a level 2 spell: Passwall
   795 | D:1      | Reached XP level 3. HP: 16/19 MP: 1/6
  1483 | D:2      | Reached skill level 5 in Earth Magic
  1718 | D:2      | Reached XP level 4. HP: 18/24 MP: 4/8
  2283 | D:2      | Found a blossoming altar of Fedhas.
  2551 | D:3      | Learned a level 3 spell: Stone Arrow
  2736 | D:3      | Found a snail-covered altar of Cheibriados.
  2835 | D:3      | Noticed Ijyb
  2840 | D:3      | Killed Ijyb
  2840 | D:3      | Reached XP level 5. HP: 28/28 MP: 0/9
  2856 | D:3      | Reached skill level 6 in Earth Magic
  3135 | D:3      | Noticed a +0 hand axe
  3136 | D:3      | Noticed a +0 hand axe
  3147 | D:3      | Found a hide-covered altar of Uskayaw.
  3517 | D:3      | Noticed a centaur
  3532 | D:3      | Killed a centaur
  3532 | D:3      | Reached XP level 6. HP: 14/32 MP: 6/11
  3916 | D:3      | Found a glowing silver altar of Zin.
  4057 | D:4      | Reached skill level 7 in Earth Magic
  4157 | D:4      | Found a shattered altar of Ashenzari.
  4173 | D:4      | Became a worshipper of Ashenzari the Shackled
  4235 | D:4      | Learned a level 5 spell: Lee's Rapid Deconstruction
  4414 | D:4      | Found a shimmering altar of Xom.
  4470 | D:4      | Reached skill level 1 in Transmutations
  4854 | D:4      | Found a large runed translucent door.
  4854 | D:4      | Found a large runed translucent door.
  4859 | D:4      | Noticed an eye of draining
  4916 | D:4      | Found a large runed translucent door.
  4916 | D:4      | Found a large runed translucent door.
  4967 | D:4      | Reached skill level 1 in Conjurations
  4993 | D:4      | Reached XP level 7. HP: 7/36 MP: 5/13
  5235 | D:4      | Identified the Incunabulum of Moulding and Stones
  5588 | D:5      | Entered Level 5 of the Dungeon
  5724 | D:5      | Got the hand axe "Spiderbane" {holy, Int+4}
  5759 | D:5      | Reached * piety under Ashenzari
  5781 | D:5      | Found a burning altar of Makhleb.
  5926 | D:5      | Reached skill level 8 in Earth Magic
  6017 | D:5      | Killed from afar by an orc wizard

Levels and vault maps discovered:
D:1:      evilmike_arrival_fibonacci_small, layout_basic, minmay_tiny_reverse_x
D:2:      layout_loops_ring, lemuel_coloured_pillars_altar, nrook_mini_vaults,
          chequers_serial_rivers_micro_e
D:3:      layout_loops_ring, marbit_many_paths, cheibriados_altar_1,
          dancing_weapons_uskayaw, first_ration, mrwooster_statue_mirror,
          uniq_ijyb
D:4:      layout_basic, old_standard_altar, nicolae_overflow_crystal_walls,
          minmay_hollow_rounded_squares
D:5:      lemuel_insect_pit, layout_basic, makhleb_heckhound_becter,
          kennysheep_mini, dk_noncrumbling_3

Skill      XL: |  1  2  3  4  5  6  7 |
---------------+----------------------+-----
Earth Magic    | 4 5 6 7 8 |  8.0
Spellcasting   | 3 4 |  4.2
Transmutations | 1 |  1.7
Conjurations   | 1 |  1.9
Dodging        | |  1.5
Stealth        | |  2.1

Action                   |  1- 3 |  4- 6 |  7- 9 || total
-------------------------+-------+-------+-------++-------
Melee: Unarmed           |    54 |       |       ||    54
       Dagger            |   107 |   189 |    20 ||   316
 Cast: Sandblast         |    29 |    34 |     4 ||    67
       Stone Arrow       |       |    13 |    13 ||    26
       Lee's Rapid Decon |       |       |     1 ||     1
  Use: Scroll            |       |    11 |       ||    11
 Stab: Sleeping          |     3 |     2 |       ||     5
  Eat: Chunk             |     3 |    11 |     2 ||    16
       Ration            |       |       |     1 ||     1
Armor: Robe              |    56 |    51 |    12 ||   119
Dodge: Dodged            |   113 |    97 |    15 ||   225

Table legend:
 A = Non-vault XP
 B = Vault XP
 C = Vault XP percentage of total XP
 D = Non-vault monster count
 E = Vault monster count
 F = Vault count percentage of total count
                 A         B        C        D         E       F
            +---------+---------+-------+---------+---------+-------
      Total |     731 |     172 |  19.0 |      88 |      11 |  11.1
            +---------+---------+-------+---------+---------+-------
        D:1 |      41 |       5 |  10.9 |      22 |       3 |  12.0
        D:2 |      61 |       0 |   0.0 |      24 |       0 |   0.0
        D:3 |     186 |      37 |  16.6 |      19 |       2 |   9.5
        D:4 |     272 |      90 |  24.9 |      17 |       5 |  22.7
        D:5 |     171 |      40 |  19.0 |       6 |       1 |  14.3
            +---------+---------+-------+---------+---------+-------
